Map: Simulacrum LE

Players

JohnnyV

  • Race: Terran Terran
  • League: Silver
  • Spawn Location: 5:00

Virus - Winner!

  • Race: Zerg Zerg
  • League: Platinum
  • Spawn Location: 11:00

VOD

Have the link to the VOD?

Description

Time

  • Played on: May 5, 2020, 6:19 p.m.
  • Length: 12:53
Show
View Real Time Build Order
Export as new Build Order

JohnnyV Terran 

Build Orders: Liberator Opening 

Get SALT Encoding   

  12  0:01  SCV  
  13  0:17  SCV, Supply Depot  
  14  0:29  SCV, Refinery  
  15  0:41  Barracks  
  15  0:45  SCV  
  16  0:58  SCV  
  17  1:07  Refinery  
  17  1:10  SCV  
  18  1:22  SCV  
  19  1:29  Barracks Reactor  
  19  1:34  SCV  
  20  1:44  Factory  
  20  1:50  Orbital Command  
  20  2:07  Marine x2  
  22  2:12  Bunker  
  22  2:25  Marine  
  22  2:26  Supply Depot  
  23  2:40  Supply Depot  
  23  2:48  SCV  
  24  2:53  Barracks Reactor  
  24  2:55  Hellion  
  24  2:56  Hellion  
  24  2:57  Starport  
  28  3:01  SCV  
  29  3:13  Engineering Bay  
  29  3:18  Hellion  
  31  3:22  SCV  
  32  3:28  Hellion  
  32  3:31  Marine x2  
  37  3:34  SCV  
  37  3:47  Supply Depot  
  37  3:58  Hellion  
  39  4:06  Terran Infantry Weapons Level 1  
  39  4:08  Liberator  
  44  4:10  Hellion, Marine  
  44  4:11  Marine  
  46  4:29  Marine  
  47  4:38  Supply Depot  
  47  4:39  Supply Depot  
  47  4:45  Marine  
  42  5:02  Marine x2  
  40  5:13  Starport Tech Lab  
  39  5:19  Marine  
  40  5:34  Starport, Factory Tech Lab  
  37  5:51  Command Center  
  37  6:00  Terran Infantry Armor Level 1  
  37  6:12  Raven  
  37  6:14  Siege Tank  
  37  6:15  Marine x2  
  37  6:17  Viking x2  
  48  6:29  Missile Turret  
  48  6:30  Missile Turret  
  48  6:36  Armory  
  48  6:39  Marine x2  
  50  6:41  SCV  
  51  6:51  Siege Tank  
  51  6:52  Missile Turret  
  51  6:53  SCV  
  55  6:55  Missile Turret  
  55  6:56  Raven  
  60  7:01  Viking  
  57  7:05  SCV  
  60  7:15  Marine x2  
  61  7:22  SCV  
  63  7:29  Orbital Command  
  63  7:34  SCV  
  64  7:40  Terran Vehicle Weapons Level 1  
  64  7:43  Marine x2  
  66  7:51  Siege Tank  
  69  7:52  SCV  
  70  8:05  Refinery  
  70  8:08  SCV x2  
  70  8:09  Refinery, Marine  
  70  8:10  Marine  
  74  8:15  Banshee  
  77  9:00  SCV  
  78  9:09  Supply Depot  
  78  9:30  SCV x2, Marine x2, Banshee  
  85  9:37  Missile Turret  
  85  9:40  Missile Turret  
  85  9:43  SCV  
  85  9:45  Terran Vehicle Weapons Level 2  
  86  9:47  Supply Depot  
  86  9:52  Starport  
  86  9:55  Fusion Core  
  86  10:09  Viking x2, SCV, Barracks, Siege Tank  
  94  10:24  Terran Infantry Armor Level 2  
  94  10:36  Starport Tech Lab  
  94  10:44  Supply Depot  
  94  10:45  Supply Depot  
  94  10:55  Sensor Tower  
  94  10:56  Supply Depot  
  94  11:05  SCV x2, Marine x2, Banshee  
  94  11:06  Siege Tank  
  94  11:09  Battlecruiser  
  110  11:17  SCV, Medivac x2  
  115  11:23  Marine  
  116  11:42  Barracks Tech Lab  
  118  12:27  Marine x2  
  118  12:29  Widow Mine  
Show
View Real Time Build Order
Export as new Build Order

Virus Zerg - Winner!

Build Orders: Hatch First 

Get SALT Encoding   

  12  0:01  Drone  
  13  0:12  Overlord  
  13  0:17  Drone  
  14  0:31  Drone x2  
  14  0:35  Drone  
  17  0:53  Hatchery  
  16  0:57  Drone  
  16  1:00  Extractor  
  16  1:02  Drone  
  17  1:19  Spawning Pool  
  17  1:20  Drone  
  17  1:24  Drone  
  18  1:29  Drone  
  19  1:38  Overlord  
  19  1:53  Drone  
  20  2:00  Drone  
  21  2:06  Queen  
  21  2:07  Drone  
  21  2:08  Queen  
  26  2:11  Drone  
  27  2:17  Zergling x2  
  28  2:28  Drone x2  
  30  2:32  Drone  
  30  2:33  Metabolic Boost  
  31  2:38  Drone  
  32  2:50  Hatchery  
  31  2:52  Pneumatized Carapace  
  31  2:58  Drone x2  
  33  2:59  Drone  
  34  3:06  Roach Warren  
  33  3:19  Drone  
  35  3:20  Drone x2  
  35  3:25  Lair, Extractor  
  35  3:26  Overlord  
  35  3:33  Drone  
  36  3:59  Spore Crawler  
  36  4:01  Spore Crawler  
  34  4:10  Zergling x2  
  34  4:11  Zergling x10  
  34  4:16  Evolution Chamber  
  39  4:19  Queen, Extractor  
  39  4:20  Extractor  
  39  4:31  Roach x2  
  39  4:37  Roach x2  
  40  5:14  Drone x2  
  40  5:15  Drone  
  40  5:17  Drone x3  
  40  5:18  Drone x2  
  48  5:22  Zerg Melee Weapons Level 1  
  48  5:24  Drone x2  
  48  5:26  Baneling Nest  
  48  5:28  Overlord x2  
  49  5:39  Queen  
  48  5:44  Drone  
  48  5:45  Drone  
  48  5:46  Drone  
  48  5:47  Drone  
  52  5:51  Drone  
  52  5:54  Drone x3  
  56  6:03  Roach  
  58  6:07  Drone  
  59  6:14  Queen  
  61  6:19  Drone x5  
  61  6:23  Overlord x3  
  61  6:24  Overlord x2  
  66  6:29  Spore Crawler  
  65  6:38  Overlord x2  
  65  6:40  Centrifical Hooks  
  65  6:45  Evolution Chamber, Queen  
  66  6:58  Zergling x8  
  66  6:59  Zergling x18  
  79  7:19  Baneling x5  
  79  7:20  Baneling x3  
  79  7:26  Spine Crawler  
  79  7:29  Overlord x2  
  78  7:59  Hatchery  
  78  8:01  Extractor  
  78  8:02  Overlord x2, Extractor  
  75  8:06  Zerg Ground Armor Level 1  
  75  8:09  Drone x3  
  75  8:11  Drone x4  
  75  8:12  Drone x8  
  90  8:35  Hydralisk Den  
  90  8:41  Spore Crawler  
  88  8:42  Spore Crawler  
  87  9:02  Zerg Missile Weapons Level 1  
  87  9:03  Infestation Pit  
  87  9:04  Hydralisk x10  
  87  9:05  Hydralisk x5  
  87  9:06  Overlord  
  87  9:07  Overlord  
  116  9:25  Overlord  
  116  9:26  Overlord  
  116  9:30  Grooved Spines  
  116  9:38  Spire  
  115  9:43  Hive  
  115  9:45  Drone x3  
  118  9:46  Drone  
  118  9:47  Drone x2  
  118  9:48  Drone x5  
  118  9:49  Zergling x4  
  118  9:50  Zergling x2  
  129  10:12  Overlord, Extractor  
  129  10:13  Overlord, Extractor  
  127  10:16  Queen  
  127  10:17  Overlord x3  
  127  10:20  Overlord x3  
  129  10:23  Zerg Ground Armor Level 2  
  129  10:51  Overseer x5  
  129  10:59  Corruptor x3  
  129  11:00  Corruptor x4  
  129  11:01  Corruptor  
  145  11:06  Muscular Augments  
  145  11:14  Drone x6  
  145  11:16  Drone x6  
  145  11:17  Drone  
  158  11:39  Greater Spire  
Tags
 
Add a new tag
Caveats
  • Supply blocks, unpowered buildings, or Contaminate may cause inaccurate times.
  • Supply counts are checked every 10 seconds.